 Dungeon Crawl Stone Soup version 0.26-a0-833-g7262b39652 (webtiles) character file.

Game seed: 3704696144793041421

205 Notrik the Skirmisher (level 6, 0/51 HPs)
             Began as a Formicid Fighter on Nov 16, 2020.
             Succumbed to an adder's poison
             ... on level 4 of the Dungeon.
             The game lasted 00:03:03 (2608 turns).

Notrik the Skirmisher (Formicid Fighter)            Turns: 2608, Time: 00:03:04

Health: 0/51       AC: 11    Str: 22    XL:     6   Next: 9%
Magic:  6/6        EV:  8    Int:  8    God:
Gold:   111        SH: 10    Dex: 10    Spells: 5/5 levels left

rFire    . . .     SeeInvis +   a - +0 war axe
rCold    . . .     Faith    .   c - +0 kite shield
rNeg     . . .     Spirit   .   b - +0 scale mail
rPois    .         Reflect  .   (helmet unavailable)
rElec    .         Harm     .   p - +0 cloak
rCorr    .         Rampage  .   r - +2 pair of gloves
MR       .....                  (no boots)
Stlth    ..........             (no amulet)
HPRegen  0.17/turn              (no ring)
MPRegen  0.10/turn              (no ring)

@: mighty, lethally poisoned (0 -> -1)
A: permanent stasis, dig shafts and tunnels, four strong arms, antennae 3
a: Dig, Shaft Self


You were on level 4 of the Dungeon.
You visited 1 branch of the dungeon, and saw 4 of its levels.

You collected 111 gold pieces.

Inventory:

Hand Weapons
 a - a +0 war axe (weapon)
Armour
 b - a +0 scale mail (worn)
 c - a +0 kite shield (worn)
 p - a +0 cloak (worn)
   (You found it on level 3 of the Dungeon)
 r - a +2 pair of gloves (worn)
   (You found it on level 3 of the Dungeon)
Jewellery
 o - a cursed amulet of inaccuracy {unknown}
   (You found it on level 2 of the Dungeon)
Scrolls
 e - 4 scrolls of identify {unknown}
 f - 2 scrolls of amnesia {unknown}
 g - 2 scrolls of magic mapping {unknown}
 h - a scroll of teleportation {unknown}
 k - 2 scrolls of random uselessness {unknown}
 m - 3 scrolls of remove curse {unknown}
 n - a scroll of blinking {unknown}
 s - a scroll of immolation {unknown}
Potions
 i - a potion of mutation {unknown}
 j - 2 potions of curing {unknown}
 l - a potion of berserk rage {unknown}
 q - a potion of degeneration {unknown}
 t - a potion of invisibility {unknown}


   Skills:
 * Level 5.0 Fighting
 + Level 3.1 Axes
 + Level 4.2 Armour
 + Level 4.6 Shields


You had 5 spell levels left.
You didn't know any spells.
Your spell library was empty.

Dungeon Overview and Level Annotations

Branches:
Dungeon (4/15)
 Temple: D:4-7

Altars:
Elyvilon
Gozag
Kikubaaqudgha
Wu Jian

Annotations:
D:3 1 runed translucent door, 1994's ghost, weakling OgBr


Innate Abilities, Weirdness & Mutations

You cannot be hasted, slowed, berserked, paralysed or teleported.
You can dig through walls and to a lower floor.
Your four strong arms can wield two-handed weapons with a shield.
You have a pair of large antennae on your head. (SInv)


Message History

Unknown command.
Found a glowing dagger.
You see here a glowing dagger.
Done exploring.
Done exploring.
Done exploring.
Done exploring.
Search for what [? for help]? .
There is a stone staircase leading down here.
You climb downwards.
An adder and a quokka come into view.
The adder hisses angrily.
Found a scroll labelled USHRI HUDOMIE.
Found an opulent altar of Gozag.
Found an escape hatch in the ceiling.
Found a stone staircase leading down.
There is a stone staircase leading up here.
An ogre comes into view. It is wielding a +0 giant spiked club.
The ogre shouts!
The adder barely misses you.
You slash the adder! The adder bites you.
You are poisoned.
The adder poisons you! You block the adder's attack. The quokka bites you.
You closely miss the adder. You hit the quokka.
You feel sick. You block the adder's attack.
The quokka bites you but does no damage.
You block the adder's attack. The quokka completely misses you.
You barely miss the adder. You closely miss the quokka.
You feel sick. The adder bites you. You block the quokka's attack.
The adder bites you but does no damage. The ogre barely misses you.
You hit the adder but do no damage. You completely miss the ogre.
You slash the quokka!
You kill the quokka!
You block the adder's attack. You block the ogre's attack.
An adder comes into view.
You block the adder's attack.
You barely miss the adder. You closely miss the ogre.
You feel sick. The adder completely misses you.
The ogre hits you with a +0 giant spiked club.
The adder bites you but does no damage.
You slash the adder!
You kill the adder!
You hit the ogre.
The ogre hits you with a +0 giant spiked club!!
Ouch! That really hurt!
* * * LOW HITPOINT WARNING * * *
You feel very mighty all of a sudden.
The ogre hits you with a +0 giant spiked club!
* * * LOW HITPOINT WARNING * * *
Unknown command.
You slice the ogre!!
You die...

##.....#..
#####.........
#.............
#.......>.....
#....<........
#.............
#.....††......
#.....@OS.....
##..#.........
##<..........
#.......?.....
#.............
##.###....###.
.. #....# .#.
##..... #.._
..##.


You could see an ogre and an adder.

Vanquished Creatures
  Terence (D:3)
  An orc wizard (D:3)
  6 adders
  An ooze (D:2)
  A worm (D:2)
  6 dart slugs
  4 leopard geckos
  4 orcs (D:3)
  5 bats
  3 giant cockroaches
  7 goblins
  7 hobgoblins
  10 jackals (D:2)
  8 kobolds
  3 quokkas
  5 rats
72 creatures vanquished.

Vanquished Creatures (others)
  A bat (D:3)
  A jackal (D:2)
2 creatures vanquished.

Grand Total: 74 creatures vanquished

Notes
Turn   | Place    | Note
-------+----------+-------------------------------------------
     0 | D:1      | Notrik the Formicid Fighter began the quest for the Orb.
     0 | D:1      | Reached XP level 1. HP: 18/18 MP: 1/1
   127 | D:1      | Reached XP level 2. HP: 21/24 MP: 2/2
   458 | D:1      | Reached XP level 3. HP: 30/30 MP: 3/3
   851 | D:2      | Reached skill level 4 in Fighting
  1006 | D:2      | Reached XP level 4. HP: 37/37 MP: 4/4
  1732 | D:3      | Reached XP level 5. HP: 42/43 MP: 5/5
  2038 | D:3      | Found a runed translucent door.
  2038 | D:3      | Noticed 1994's ghost (weakling OgBr)
  2171 | D:3      | Found a white marble altar of Elyvilon.
  2271 | D:3      | Found an ornate altar of the Wu Jian Council.
  2271 | D:3      | Found an ancient bone altar of Kikubaaqudgha.
  2307 | D:3      | Noticed Terence
  2318 | D:3      | Killed Terence
  2319 | D:3      | Reached skill level 5 in Fighting
  2319 | D:3      | Reached XP level 6. HP: 47/51 MP: 6/6
  2597 | D:4      | Found an opulent altar of Gozag.
  2599 | D:4      | Noticed an ogre
  2607 | D:4      | HP: 1/51 [ogre/+0 giant spiked club (9)]
  2608 | D:4      | Succumbed to an adder's poison

Illustrated notes

Levels and vault maps discovered:
D:1:      ncdulo_smallfort, layout_loops_ring
D:2:      layout_rooms
D:3:      layout_loops_ring, elyvilon_altar_4, gammafunk_temple_overflow_wave,
          gammafunk_ghost_grave, uniq_terence
D:4:      kennysheep_six_static_rooms, layout_rooms,
          nicolae_gozag_cash_rules_everything_around_me,
          minmay_temple_entry_trees, st_stairs_3

Skill      XL: |  1  2  3  4  5 |
---------------+----------------+-----
Shields        | 4 |  4.6
Fighting       | 4 5 |  5.0
Armour         | 4 |  4.2
Axes           | 3 |  3.1

Action                   |  1- 3 |  4- 6 || total
-------------------------+-------+-------++-------
Melee: War axe           |   113 |   164 ||   277
  Use: Potion            |       |     1 ||     1
Armor: Scale mail        |    60 |    87 ||   147
Dodge: Dodged            |    60 |    74 ||   134
Block: Kite shield       |    63 |   113 ||   176

Table legend: (Time is in decaauts)
 A = Elapsed time spent in this place.
 B = Non-inter-level travel time spent in this place.
 C = Inter-level travel time spent in this place.
 D = Time resting spent in this place.
 E = Time spent auto-exploring this place.
 F = Levels seen in this place.
 G = Mean time per level.
                   A        B        C        D        E       F      G
               +--------+--------+--------+--------+--------+-----+--------+
         Total |   2727 |   2671 |     56 |      0 |   2049 |   4 |  681.8 |
       Dungeon |   2727 |   2671 |     56 |      0 |   2049 |   4 |  681.8 |
               +--------+--------+--------+--------+--------+-----+--------+

Top non-repeatable levels by time:
     D:2: 1087 daAuts
     D:3: 904 daAuts
     D:1: 721 daAuts
     D:4: 13 daAuts
